 Adventure DCSS version bcrawl-1.32 (webtiles) character file.

Game seed: 2446389712339317392

22844598 pipel the Archmage (level 26, 143/144 HPs)
             Began as a Fairy Fire Elementalist on July 2, 2021.
             Was the Champion of Vehumet.
             Escaped with the Orb
             ... and 3 runes on July 3, 2021!
             The game lasted 03:32:54 (42309 turns).

pipel the Archmage (Fairy Fire Elementalist)       Turns: 42309, Time: 03:32:55

Health: 143/144    AC: 23    Str: 11    XL:     26   Next: 81%
Magic:  52/66      EV: 29    Int: 44    God:    Vehumet [******]
Gold:   4578       SH: 30    Dex: 22    Spells: 14/79 levels left
                                        Lives:  1   Deaths: 1

rFire    + + .     SeeInvis +   k - +2 whip "Killer Klown's Bane" {venom, rPois rF+ Int+4}
rCold    x . .     Gourm    .   W - +4 buckler
rNeg     + . .     Faith    .   (armour unavailable)
rPois    +         Spirit   .   V - +3 hat of Pondering {ponderous, MR+ MP+10 Int+5}
rElec    +         Reflect  +   Y - +2 cloak {+Inv}
rCorr    .         Harm     .   X - +1 pair of gauntlets of War {Slay+6}
MR       +++..                  Z - +1 pair of boots of the Echidna {rN+ Regen+ Str+3}
Stlth    +.........             H - amulet "Cidadien" {Reflect Int+4 SH+4 SInv}
HPRegen  0.74/turn              F - ring "Roafagro" {Fire Int+3}
MPRegen  0.40/turn              E - ring of Russe Leir {rElec Int+2 Dex+4}

@: flying evasively, studying Translocations, slow
A: small, magic attunement, unstealthy, unfitting armour, fangs 1, thin metallic
scales 1, deterioration 1, strong 1, able to fly, AC/SH +11
0: Orb of Zot
}: 3/15 runes: decaying, serpentine, silver
a: Stop Flying, Renounce Religion, Evoke Invisibility


You escaped.
You worshipped Vehumet.
Vehumet was exalted by your worship.
You were very hungry.

You visited 10 branches of the dungeon, and saw 42 of its levels.
You also visited: Ossuary, Bailey and Gauntlet.

You collected 5801 gold pieces.
You spent 1223 gold pieces at shops.

Inventory:

Hand Weapons
 k - the +2 whip "Killer Klown's Bane" (weapon) {venom, rPois rF+ Int+4}
   (You found it on level 3 of the Swamp)

   It poisons the flesh of those it strikes.
   It affects your intelligence (+4).
   It protects you from fire.
   It protects you from poison.
 v - the +9 staff of Olgreb {rPois}
   (You found it in a Gauntlet)

   It protects you from poison.
 O - the +3 Elemental Staff {rElec rF++ rC++ MR++ AC+5}
   (You took it off a yaktaur captain on level 3 of the Vaults)

   It affects your AC (+5).
   It greatly protects you from fire.
   It greatly protects you from cold.
   It insulates you from electricity.
   It affects your resistance to hostile enchantments.
Missiles
 A - 1704 poisoned tomahawks (quivered)
Armour
 V - the +3 hat of Pondering (worn) {ponderous, MR+ MP+10 Int+5}
   (You took it off Gastronok in the Orcish Mines)

   It affects your intelligence (+5).
   It affects your resistance to hostile enchantments.
   It affects your magic capacity (+10).
 W - a +4 buckler (worn)
 X - the +1 pair of gauntlets of War (worn) {Slay+6}
   (You found it on level 3 of the Vaults)

   It affects your accuracy and damage with ranged weapons and melee attacks
   (+6).
 Y - a +2 cloak of invisibility (worn)
 Z - the +1 pair of boots of the Echidna (worn) {rN+ Regen+ Str+3}
   (You found it on level 3 of the Elven Halls)

   It affects your strength (+3).
   It protects you from negative energy.
   It increases your rate of regeneration.
Magical Staves
 i - an uncursed staff of power
 u - an uncursed staff of poison
 N - an uncursed staff of fire
Jewellery
 n - an uncursed ring of resist corrosion
 r - a +5 ring of dexterity
 t - the ring of the Pharaoh's Fist {rN+ Str+2 Stlth++}
   (You took it off a deep elf mage on level 3 of the Elven Halls)

   [ring of stealth]

   It affects your strength (+2).
   It protects you from negative energy.
   It makes you much more stealthy.
 y - the ring "Siedacoa" {rC+ Str+6 Stlth+}
   (You found it on level 8 of the Dungeon)

   [ring of strength]

   It affects your strength (+6).
   It protects you from cold.
   It makes you more stealthy.
 B - an uncursed amulet of rage
 E - the ring of Russe Leir (right hand) {rElec Int+2 Dex+4}
   (You found it in a Gauntlet)

   [ring of insulation]

   It affects your intelligence (+2).
   It affects your dexterity (+4).
   It insulates you from electricity.
 F - the ring "Roafagro" (left hand) {Fire Int+3}
   (You found it on level 1 of the Lair of Beasts)

   [ring of fire]

   It enhances your fire magic.
   It affects your intelligence (+3).
   It protects you from fire.
   It makes you vulnerable to cold.
 H - the amulet "Cidadien" (around neck) {Reflect Int+4 SH+4 SInv}
   (You found it on level 3 of the Vaults)

   [amulet of reflection]

   It shields you and reflects attacks.
   It affects your intelligence (+4).
   It lets you see invisible.
   It affects your SH (+4).
 L - an uncursed ring of magical power
Wands
 G - a wand of digging (4)
 M - a wand of clouds (5)
 S - a wand of iceblast (39)
 T - a wand of disintegration (5)
Scrolls
 a - 21 scrolls of remove curse
 f - 5 scrolls of immolation
 g - 19 scrolls of teleportation
 j - 5 scrolls of vulnerability
 o - 10 scrolls of amnesia
 D - 5 scrolls of fog
 I - a scroll of brand weapon
 P - 2 scrolls of fear
 U - 3 scrolls of blinking
Potions
 d - 15 potions of curing
 h - 3 potions of ambrosia
 m - 4 potions of agility
 p - 3 potions of haste
 q - a potion of resistance
 s - 7 potions of heal wounds
 w - 2 potions of cancellation
 x - a potion of magic
 z - 4 potions of mutation
 J - 4 potions of brilliance
Miscellaneous
 C - a lightning rod (4/4)
 K - a sack of spiders
 R - a phial of floods
Comestibles
 e - 83 rations {!d}


   Skills:
 + Level 3.2 Fighting
 + Level 2.0 Maces & Flails
   Level 3.7 Slings
 + Level 11.6 Dodging
 - Level 1.8 Stealth
 + Level 12.8 Shields
 O Level 27 Spellcasting
 O Level 27 Conjurations
 + Level 1.1 Hexes
 + Level 6.3 Charms
 + Level 4.9 Necromancy
 - Level 4.0 Translocations
 - Level 24.3 Fire Magic
 + Level 2.5 Ice Magic
 * Level 12.9 Earth Magic
 - Level 15.3 Evocations


You had 14 spell levels left.
You knew the following spells:

 Your Spells              Type           Power        Failure   Level  Hunger
a - Flame Tongue          Conj/Fire      #####        0%          1    None
b - Sticky Flame          Conj/Fire      ########     0%          4    None
c - Flaming Arrows        Chrm/Fire      ########     0%          2    None
d - Fireball              Conj/Fire      #########.   0%          5    None
e - Blink                 Tloc           N/A          1%          2    None
f - Fire Storm            Conj/Fire      #########.   1%          9    None
g - Iskenderun's Battles  Conj/Chrm      ########     0%          5    None
h - Throw Icicle          Conj/Ice       ########     0%          4    None
i - Orb of Destruction    Conj           ########..   0%          7    None
j - Mana Rupture          Conj/Hex       ########..   1%          7    None
k - Ignition              Fire           #########.   1%          8    None
l - Lehudib's Crystal Sp  Conj/Erth      ########..   1%          8    None
r - Regeneration          Chrm/Necr      #######...   1%          3    None

Your spell library contained the following spells:

 Spells                   Type           Power        Failure   Level  Hunger
 Magic Dart               Conj           ####         0%          1    None
 Sandblast                Erth           ######       0%          1    None
 Shock                    Conj/Air       #####        0%          1    None
 Throw Frost              Conj/Ice       ######       0%          2    None
 Conjure Flame            Conj/Fire      ########     0%          3    None
 Dazzling Orbs            Conj/Hex       #######      0%          3    None
 Inner Flame              Hex/Fire       N/A          0%          3    None
 Stone Arrow              Conj/Erth      ######       0%          3    None
 Bolt of Magma            Conj/Fire/Erth #########.   0%          5    None
 Bolt of Fire             Conj/Fire      #########.   0%          6    None
 Apportation              Tloc           ######       1%          1    None
 Beastly Appendage        Tmut           ######       1%          1    None
 Blink Other              Tloc           ######       1%          1    None
 Corona                   Hex            ######.      1%          1    None
 Freeze                   Ice            ######       1%          1    None
 Infusion                 Chrm           #######.     1%          1    None
 Slow                     Hex            ######..     1%          1    None
 Summon Butterflies       Summ           ######..     1%          1    None
 Summon Small Mammal      Summ           ####         1%          1    None
 Call Imp                 Summ           ######       1%          2    None
 Ensorcelled Hibernation  Hex/Ice        ######       1%          2    None
 Passwall                 Tmut/Erth      #######.     1%          2    None
 Poisonous Vapours        Pois/Air       ######       1%          2    None
 Song of Slaying          Chrm           #######.     1%          2    None
 Sublimation of Blood     Necr           #######...   1%          2    None
 Swiftness                Chrm/Air       ######..     1%          2    None
 Beckoning                Tloc           #######...   1%          3    None
 Call Canine Familiar     Summ           ######..     1%          3    None
 Confuse                  Hex            ######..     1%          3    None
 Ignite Poison            Fire/Tmut/Pois ########     1%          3    None
 Mephitic Cloud           Conj/Pois/Air  #######.     1%          3    None
 Ozocubu's Armour         Chrm/Ice       #######.     1%          3    None
 Portal Projectile        Tloc           ######       1%          3    None
 Recall                   Summ/Tloc      N/A          1%          3    None
 Spectral Weapon          Hex/Chrm       #######.     1%          3    None
 Spider Form              Tmut/Pois      ###          1%          3    None
 Static Discharge         Air            ######..     1%          3    None
 Tukima's Dance           Hex            ######..     1%          3    None
 Airstrike                Air            ######....   1%          4    None
 Petrify                  Tmut/Erth      #######...   1%          4    None
 Yara's Violent Unravell  Hex/Tmut       ######....   1%          4    None
 Lightning Bolt           Conj/Air       ########..   1%          5    None
 Borgnjor's Vile Clutch   Necr/Erth      #######...   1%          6    None
 Poison Arrow             Conj/Pois      ########..   1%          6    None
 Steam Barrier            Chrm/Fire      ########..   1%          6    None
 Icicle Burst             Conj/Ice       ########..   1%          7    None
 Cause Fear               Hex            ######....   2%          4    None
 Ice Form                 Ice/Tmut       ######..     2%          4    None
 Summon Ice Beast         Ice/Summ       ######..     2%          4    None
 Tree Form                Hex/Tmut       N/A          3%          4    None
 Chain Lightning          Conj/Air       ########..   3%          8    None
 Summon Forest            Summ/Tloc      ######....   4%          5    None
 Statue Form              Tmut/Erth      #######..    4%          6    None
 Metabolic Englaciation   Hex/Ice        ######....   5%          5    None
 Ozocubu's Refrigeration  Ice            ######....   6%          6    None
 Summon Mana Viper        Hex/Summ       ######..     9%          5    None
 Aura of Abjuration       Summ           ######....   11%         5    None
 Blade Hands              Tmut           ######....   11%         5    None
 Summon Demon             Summ           ######....   11%         5    None
 Summon Lightning Spire   Summ/Air       ######..     11%         5    None
 Freezing Cloud           Ice/Air        ######....   11%         6    None
 Dispersal                Tloc           #######...   12%         6    None
 Glaciate                 Conj/Ice/Air   #######...   13%         8    None
 Infestation              Hex/Tmut/Pois  ######...    47%         6    None
 Shadow Creatures         Summ           N/A          52%         6    None
 Controlled Blink         Tloc           #######.     54%         7    None
 Virulence                Hex/Pois       ######..     95%         7    None
 Dragon Form              Tmut           ######.      98%         7    None
 Discord                  Hex            ######....   100%        8    None
 Necromutation            Tmut/Necr      ######..     100%        8    None
 Dragon's Call            Summ           ######....   100%        9    None


Dungeon Overview and Level Annotations

Branches:
Dungeon (12/12)            Temple (1/1) D:7            Lair (6/6) D:9
  Swamp (3/3) Lair:3        Snake (3/3) Lair:2        Slime (0/5) Lair:6
    Orc (1/1) D:9             Elf (3/3) Orc          Vaults (3/3) D:12
  Crypt (0/2) Vaults:1     Depths (5/5) D:12            Zot (5/5) Depths:5

Altars:
Ashenzari
Cheibriados
Dithmenos
Elyvilon
Fedhas
Gozag
Hepliaklqana
Kikubaaqudgha
Lugonu
Makhleb
Nemelex Xobeh
Okawaru
Qazlal
Ru
Sif Muna
Trog
Uskayaw
Vehumet
Wu Jian
Xom
Yredelemnul
Zin
The Shining One
Jiyva

Shops:
D:5 (   D:9 [   D:12 =   Orc *[(}[:   Elf:1 *   Elf:2 [   Elf:3 (   Vaults:1 *
Vaults:2 (

Portals:
Hell: Depths:3 Depths:4 Depths:5
Abyss: Depths:4 Depths:5
Pandemonium: Depths:5*
Ziggurat: Depths:3

Annotations:
Zot:5 1 runed translucent door, Alunk's ghost, legendary GnFi


Innate Abilities, Weirdness & Mutations

Your spells do not cause hunger and MP costs are reduced by 1.
Your bright wings attract enemies. (Stealth-)
You cannot fit into any form of body armour.
Your shimmering scales are hard and can block incoming attacks. (AC +11, SH +11)
You are small and have problems with some larger weapons.
You can fly continuously.
You have very sharp teeth.
You are partially covered in thin metallic scales. (AC +2)
Your body sometimes deteriorates upon taking damage.
Your muscles are strong. (Str +2)


Message History

Vehumet accepts your kill.
(D) Dungeon (T) Temple (L) Lair (S) Swamp (P) Snake Pit (M) Slime Pits (O) Orcish Mines (E) Elven Halls (V) Vaults (C) Crypt (U) Depths (H) Hell (Z) Zot
Where to? (Enter - D:1 @ (x,y), ? - help) HP restored.
An Orb Guardian comes into view.
Casting: Lehudib's Crystal Spear (safe; 1% risk of failure)
Confirm with . or Enter, or press ? or * to list all spells.
Aiming: Fire Storm (safe; 1% risk of failure)
Press: ? - help, Dir - move target cursor, f - Orb Guardian
Aim: an Orb Guardian You feel a surge of power!
A raging storm of fire appears!
The great blast of fire engulfs the Orb Guardian!!!!
You kill the Orb Guardian!
Vehumet accepts your kill.
You feel your power returning.
There is a staircase leading out of the dungeon here.
You have escaped!

#...........
##############.....#..##.
#...†.....†.......##..##.
#.#############..###..##. #.###
#..# #..##. #...######### #..#
#..##. #.#.........###..# #..##.
##### #.#.........≈≈#..###..##.
#...###.##....@...≈≈#.......###
###.#......#......[.v≈#..###..# #
.......#.###≈≈≈≈≈....≈#..###..###
.......#.###≈≈≈≈....≈≈#..........
...........#≈≈≈≈≈≈≈≈≈≈##.###..###
.......#.###≈≈≈≈≈≈≈≈≈≈##.# #..#
.......#.####≈≈≈≈≈≈≈###..# #..##
.##.####.##............#.###...##
.##.# #.##.###.#######.#.##.....


You could see a friendly fire vortex.

Vanquished Creatures
  3 juggernauts
  3 orbs of fire (Zot:5)
  Mara (Depths:1)
  2 ancient liches (Zot:5)
  The ghost of MeekVeins the Sorcerer, a veteran AvRe of Vehumet (Depths:5)
  4 Killer Klowns
  A pandemonium lord (D:5)
  4 golden dragons
  7 caustic shrikes
  Gastronok (Orc)
  Nikola (Elf:1)
  3 rockslimes
  the Enchantress (Depths:1)
  A Brimstone Fiend (Depths:4)
  5 electric golems
  2 Shadow Fiends
  2 Orb Demons
  29 Orb Guardians
  A Hell Sentinel (Depths:4)
  Jorgrun (D:12)
  6 tentacled monstrosities
  3 liches
  4 deep elf master archers (Elf:3)
  3 deep elf blademasters
  2 quicksilver dragons
  2 sphinxes (Vaults:3)
  Kirke (D:12)
  2 shadow dragons (Depths:5)
  4 death cobs
  8 tengu reavers (Vaults:3)
  10 storm dragons
  17 nagarajas
  5 draconian monks
  5 thorn hunters
  A balrug (Depths:2)
  4 frost giants
  4 draconian knights
  Aizul (Elf:1)
  6 fire giants
  3 iron dragons
  2 draconian scorchers
  A ghost moth (Zot:5)
  8 deep elf sorcerers
  3 draconian stormcallers
  3 draconian shifters
  4 spectral caustic shrikes (Depths:3)
  2 draconian annihilators
  2 orc warlords
  14 vault wardens
  Louise (Elf:1)
  4 deep elf elementalists
  The ghost of Tiareth the Thaumaturge, a journeyman DgWz of Demigod (Lair:6)
  A spectral juggernaut (Depths:5)
  14 stone giants
  12 very ugly things
  15 ironheart preservers
  A ghoul (Vaults:2)
  3 spriggan defenders (Depths:1)
  A blood saint (Depths:2)
  8 green draconians
  8 deep elf demonologists
  6 deep elf annihilators
  A vampire knight (Vaults:1)
  2 black draconians
  An entropy weaver (Vaults:2)
  4 white draconians
  4 purple draconians
  10 yellow draconians
  5 spark wasps
  A dire elephant (Lair:6)
  6 red draconians
  Snorg (Lair:6)
  10 ettins
  A blizzard demon (D:5)
  8 deep elf death magi
  Josephine (Lair:5)
  A crystal guardian (Vaults:3)
  8 fire dragons
  10 deep elf high priests
  31 vault guards
  8 yaktaur captains
  A quicksilver dragon zombie (Depths:4)
  23 hydras
  10 rakshasas
  4 ice dragons
  A spriggan air mage (Depths:1)
  A monstrous demonspawn (Depths:5)
  14 centaur warriors
  2 shadow wraiths (Vaults:2)
  A shambling mangrove (Swamp:1)
  2 juggernaut simulacra
  A ghost crab (Swamp:1)
  23 naga warriors
  4 great orbs of eyes
  5 alligators (Swamp:1)
  11 two-headed ogres
  2 ogre magi
  2 death scarabs (Gauntlet)
  27 dancing weapons
  2 death knights
  6 tengu warriors
  4 deep troll shamans
  9 anacondas
  3 deep troll earth magi
  4 vampire magi
  4 death yaks (Lair:6)
  7 spriggan berserkers
  13 naga sharpshooters
  Sonja (Lair:3)
  2 sea snakes (Snake:1)
  18 deep trolls
  5 shock serpents
  A salamander mystic (Snake:1)
  21 deep elf knights
  2 goliath frogs
  2 sixfirhies
  A fire crab (D:12)
  7 hell knights
  6 naga ritualists (Snake:3)
  2 unseen horrors
  A torturous demonspawn (Depths:2)
  A glowing orange brain (Depths:5)
  An infernal demonspawn (Depths:2)
  A spriggan druid (Swamp:1)
  3 shadow demons
  12 wizards
  5 cyclopes
  7 swamp dragons
  23 deep elf archers
  62 deep elf magi
  5 necromancers
  19 ironheart convokers
  3 phantasmal warriors (Vaults:3)
  A lindwurm (Lair:6)
  A golden dragon skeleton (Depths:4)
  A frost giant zombie (Depths:4)
  An orb spider (shapeshifter) (Vaults:2)
  2 orc sorcerers
  A wolf spider (Lair:6)
  A faun (shapeshifter) (Vaults:1)
  5 orc knights
  A faun (D:12)
  5 mana vipers
  A salamander (shapeshifter) (Depths:5)
  36 ugly things
  A moth of wrath (shapeshifter) (D:12)
  2 manticores
  A fire giant skeleton (Depths:4)
  10 salamanders
  13 vault sentinels
  16 will-o'-wisps
  A black mamba (shapeshifter) (Vaults:1)
  A frost giant skeleton (Depths:3)
  13 naga magi
  25 black mambas
  7 guardian serpents
  13 moths of wrath
  An elephant (Gauntlet)
  A rust devil (D:5)
  15 cane toads
  3 gargoyles
  A spriggan skeleton (Depths:3)
  A hellion (Depths:5)
  4 rime drakes
  10 komodo dragons
  2 centaur skeletons
  6 freezing wraiths
  An ice devil (Depths:3)
  A kobold demonologist (Depths:5)
  35 yaktaurs
  A tengu conjurer (D:12)
  A hellwing (Depths:4)
  2 tormentors
  11 trolls
  4 tyrant leeches
  A merfolk (shapeshifter) (Vaults:3)
  6 hornets
  A tengu simulacrum (Depths:3)
  A troll (shapeshifter) (D:11)
  39 slime creatures
  11 polar bears
  A hippogriff (shapeshifter) (Depths:1)
  Grinder (D:4)
  A shadow dragon simulacrum (Depths:3)
  4 dream sheep (Lair:5)
  An iron dragon simulacrum (Depths:4)
  3 raiju (Lair:6)
  A raiju (shapeshifter) (Depths:3)
  A fire giant simulacrum (Depths:3)
  10 bog bodies
  A human simulacrum (Vaults:1)
  6 blink frogs
  2 air elementals
  7 hippogriffs
  A redback (Vaults:2)
  A vampire (D:8)
  Sigmund (D:2)
  36 yaks
  6 spriggans
  A water elemental (Elf:1)
  7 shadows
  3 wyverns
  4 ynoxinuls
  An ettin skeleton (Vaults:3)
  7 wraiths
  3 fire elementals
  A human (D:12)
  6 chaos spawn
  5 hungry ghosts
  A neqoxec (Depths:4)
  A basilisk (shapeshifter) (Vaults:3)
  21 vampire mosquitoes
  2 basilisks
  7 wargs
  12 crocodiles
  An acid dragon (shapeshifter) (Vaults:3)
  49 nagas
  14 swamp worms
  7 acid dragons
  9 water moccasins
  4 porcupines
  13 swamp drakes
  14 hell hounds (Lair:6)
  2 ice beasts
  42 orc warriors
  3 sky beasts
  13 black bears
  An eye of draining (D:11)
  2 phantoms
  3 necrophages (D:7)
  14 wolves
  14 boggarts
  13 centaurs
  16 ogres
  Blork the orc (D:4)
  7 big kobolds
  14 bullfrogs
  2 elf zombies (Ossuary)
  2 earth elementals
  A gnoll sergeant (D:8)
  5 scorpions
  12 killer bees
  A troll skeleton (D:7)
  3 howler monkeys
  9 wights
  An electric eel (Snake:1)
  7 crimson imps
  4 hounds
  4 bullfrog zombies
  4 centaur zombies
  5 jellies
  2 gnoll shamans
  2 quasits (Depths:3)
  8 human zombies
  19 orc priests
  A bullfrog skeleton (D:5)
  2 human skeletons
  Natasha (thrice) (D:4)
  4 iguanas
  18 orc wizards
  10 worker ants
  4 hell rats (Lair:6)
  2 big kobold zombies (Ossuary)
  A hound zombie (D:7)
  A hound skeleton (D:5)
  3 mummies
  9 gnolls
  7 adders
  3 shadow imps
  3 white imps (Depths:3)
  3 oozes (Lair:6)
  2 adder zombies (Ossuary)
  2 adder skeletons
  A worm (D:1)
  6 dart slugs
  6 leopard geckos
  69 orcs
  5 bats
  2 giant cockroaches (D:1)
  9 goblins
  13 hobgoblins
  5 jackals
  5 quokkas
  3 frilled lizards (D:1)
  2 goblin zombies (Ossuary)
  7 hobgoblin zombies (Ossuary)
  A jackal zombie (Ossuary)
  40 kobolds
  11 kobold zombies (Ossuary)
  6 orc zombies (Ossuary)
  2 rats
  2 rat zombies
  5 briar patches (Swamp:3)
  A fire vortex (Zot:3)
  5 fungi
  4 plants
1907 creatures vanquished.

Vanquished Creatures (collateral kills)
  2 Killer Klowns (Zot:5)
  A caustic shrike (Depths:4)
  A very ugly thing (Depths:3)
  An ironheart preserver (Vaults:1)
  A green draconian (Depths:5)
  A black draconian (Zot:4)
  A yaktaur captain (Depths:3)
  An ogre mage (Vaults:1)
  A deep troll (Vaults:3)
  A moth of wrath (Zot:1)
  A yaktaur (Vaults:3)
  A yaktaur zombie (Vaults:1)
  2 slime creatures
  2 ice beasts (D:11)
  A jelly (D:11)
  An orc (Vaults:3)
  2 kobolds
21 creatures vanquished.

Vanquished Creatures (others)
  2 stone giants (Depths:1)
  An eye of devastation (Depths:4)
  A minotaur (Gauntlet)
  3 yaktaur captains
  2 naga warriors
  2 centaur warriors
  2 naga sharpshooters (Snake:3)
  An orc knight (Orc)
  A cyclops (D:11)
  An orc sorcerer (D:12)
  A salamander (Snake:1)
  4 humans (D:12)
  3 orc warriors (Orc)
  11 centaurs
  8 kobolds
  A goblin zombie (D:6)
  A briar patch (Swamp:3)
  318 fire vortices
  3 fungi
  26 plants
392 creatures vanquished.

Grand Total: 2320 creatures vanquished

Notes
Turn   | Place    | Note
-------+----------+-------------------------------------------
     0 | D:1      | pipel the Fairy Fire Elementalist began the quest for the
                  | Orb.
     0 | D:1      | Reached XP level 1. HP: 11/11 MP: 6/6
   114 | D:1      | Reached XP level 2. HP: 14/17 MP: 7/7
   295 | D:1      | Reached XP level 3. HP: 21/21 MP: 9/9
   298 | D:1      | Learned a level 2 spell: Flaming Arrows
  1001 | D:2      | Noticed Sigmund
  1182 | D:2      | Reached XP level 4. HP: 27/27 MP: 11/11
  1201 | D:2      | Found a shimmering altar of Xom.
  1201 | D:2      | Found a shimmering altar of Xom.
  1201 | D:2      | Found a shimmering altar of Xom.
  1201 | D:2      | Found a shimmering altar of Xom.
  1202 | D:2      | Found a shimmering altar of Xom.
  1202 | D:2      | Found a shimmering altar of Xom.
  1202 | D:2      | Found a shimmering altar of Xom.
  1205 | D:2      | Found a shimmering altar of Xom.
  1282 | D:2      | Reached skill level 5 in Fire Magic
  1290 | D:2      | Learned a level 4 spell: Sticky Flame
  1443 | D:2      | Killed Sigmund
  1444 | D:2      | Reached XP level 5. HP: 23/31 MP: 8/13
  1444 | D:2      | Reached XP level 6. HP: 27/36 MP: 8/14
  1633 | D:3      | Noticed a sky beast
  1644 | D:3      | Killed a sky beast
  1645 | D:3      | Reached skill level 5 in Spellcasting
  1779 | D:3      | Found a burning altar of Makhleb.
  1841 | D:3      | Reached XP level 7. HP: 41/41 MP: 16/16
  1855 | D:3      | Learned a level 2 spell: Flaming Arrows
  1861 | D:3      | Learned a level 5 spell: Fireball
  2096 | D:3      | Found a snail-covered altar of Cheibriados.
  2238 | D:4      | Noticed Blork the orc
  2245 | D:4      | Killed Blork the orc
  2276 | D:4      | Noticed Natasha
  2278 | D:4      | Noticed a hippogriff
  2281 | D:4      | Killed Natasha
  2282 | D:4      | Reached skill level 1 in Slings
  2286 | D:4      | Killed a hippogriff
  2287 | D:4      | Reached skill level 1 in Fighting
  2299 | D:4      | Noticed Natasha
  2305 | D:4      | Killed Natasha
  2455 | D:4      | Reached XP level 8. HP: 48/48 MP: 12/19
  2588 | D:4      | Noticed Grinder
  2592 | D:4      | Killed Grinder
  2881 | D:4      | Noticed Natasha
  2887 | D:4      | Killed Natasha
  3126 | D:5      | Entered Level 5 of the Dungeon
  3134 | D:5      | Noticed a hippogriff
  3144 | D:5      | Killed a hippogriff
  3145 | D:5      | Reached skill level 5 in Conjurations
  3145 | D:5      | Reached skill level 1 in Charms
  3251 | D:5      | Reached XP level 9. HP: 53/53 MP: 16/22
  3489 | D:5      | Found an iron altar of Okawaru.
  3728 | D:5      | Learned a level 3 spell: Regeneration
  3826 | D:5      | Found Udegisal's Antique Weapon Emporium.
  4030 | D:5      | Found a sacrificial altar of Ru.
  4254 | D:5      | Found a corrupted altar of Lugonu.
  4333 | D:5      | Bought a slimy dagger for 161 gold pieces
  4333 | D:5      | Identified the +9 dagger of Ruination {pierce, MR+ Str+3
                  | Dex-2} (You bought it in a shop on level 5 of the Dungeon)
  4367 | D:6      | Found a sand-covered staircase.
  4375 | Ossuary  | Entered an ossuary
  4967 | D:6      | Reached skill level 10 in Spellcasting
  4967 | D:6      | Reached XP level 10. HP: 58/58 MP: 10/26
  5391 | D:5      | Found a hazy altar of Hepliaklqana.
  5416 | D:7      | Found a staircase to the Ecumenical Temple.
  5429 | Temple   | Entered the Ecumenical Temple
  5461 | Temple   | Became a worshipper of Vehumet
  5573 | D:7      | Identified the cursed +0 leather armour of Death's Door
                  | {Int+2}
  6612 | D:7      | Reached * piety under Vehumet
  6612 | D:7      | Offered knowledge of Magic Dart by Vehumet.
  6742 | D:7      | Found a basalt altar of Yredelemnul.
  6963 | D:8      | Reached skill level 10 in Fire Magic
  7253 | D:8      | Offered knowledge of Throw Frost by Vehumet.
  7318 | D:8      | Reached ** piety under Vehumet
  7436 | D:8      | Found a shadowy altar of Dithmenos.
  7545 | D:8      | Found a sparkling altar of Nemelex Xobeh.
  7616 | D:8      | Got a masterwork mace
  7642 | D:8      | Identified the cursed +0 mace "Mivi" {crush, rN+ Int+2}
                  | (You found it on level 8 of the Dungeon)
  7959 | D:8      | Reached XP level 11. HP: 63/63 MP: 16/28
  8061 | D:8      | Reached skill level 10 in Conjurations
  8135 | D:8      | Got a glittering golden ring
  8136 | D:8      | Identified the ring "Siedacoa" {rC+ Str+6 Stlth+} (You
                  | found it on level 8 of the Dungeon)
  8223 | D:9      | Found a staircase to the Orcish Mines.
  8457 | D:9      | Found a shimmering blue altar of Sif Muna.
  8458 | D:9      | Found a hazy altar of Hepliaklqana.
  8566 | D:9      | Found a white marble altar of Elyvilon.
  8591 | D:9      | Offered knowledge of Searing Ray by Vehumet.
  8811 | D:9      | Found a shattered altar of Ashenzari.
  8958 | D:9      | Found Geocw's Armour Emporium.
  8961 | D:9      | Bought a +2 buckler for 214 gold pieces
  8982 | D:9      | Found a staircase to the Lair.
  9164 | Orc      | Entered the Orcish Mines
  9164 | Orc      | Noticed a cyclops
  9167 | Orc      | Killed a cyclops
  9213 | Orc      | Found Lodioj's Book Emporium.
  9253 | D:9      | Reached *** piety under Vehumet
  9353 | Orc      | Noticed an orc knight
  9359 | Orc      | Killed an orc knight
  9360 | Orc      | Reached skill level 5 in Dodging
  9404 | Orc      | Bought a book of Minor Magic for 260 gold pieces
  9407 | Orc      | Learned a level 2 spell: Blink
  9418 | Orc      | Found a staircase to the Elven Halls.
  9423 | Orc      | Found Volanofa's Armour Emporium.
  9423 | Orc      | Noticed a cyclops
  9428 | Orc      | Killed a cyclops
  9446 | Orc      | Offered knowledge of Ignite Poison by Vehumet.
  9447 | Orc      | Reached skill level 1 in Shields
  9672 | Orc      | Noticed an orc knight
  9677 | Orc      | Killed an orc knight
  9678 | Orc      | Reached XP level 12. HP: 68/69 MP: 15/31
  9814 | Orc      | Reached **** piety under Vehumet
  9906 | Orc      | Offered knowledge of Venom Bolt by Vehumet.
 10165 | Orc      | Found Zasor Ipn's Antique Weapon Emporium.
 10165 | Orc      | Found Xaqasoy's Antique Armour Boutique.
 10165 | Orc      | Found Xihaming's General Store.
 10168 | Orc      | Found Azomn's Gadget Shoppe.
 10591 | Orc      | Noticed Gastronok
 10602 | Orc      | Killed Gastronok
 10824 | Orc      | Bought a +1 cloak of invisibility for 198 gold pieces
 10840 | Elf:1    | Entered Level 1 of the Elven Halls
 10840 | Elf:1    | Noticed a deep elf knight
 10843 | Elf:1    | Reached skill level 1 in Evocations
 10843 | Elf:1    | Killed a deep elf knight
 10853 | Elf:1    | Reached XP level 13. HP: 73/73 MP: 12/33
 10941 | Elf:1    | Found a radiant altar of Vehumet.
 11001 | Elf:1    | Noticed Aizul
 11043 | Elf:1    | HP: 3/73 [poisoned by Aizul (bolt of poison)]
 11211 | Lair:1   | Entered Level 1 of the Lair of Beasts
 11257 | Lair:1   | Found a gate leading to a gauntlet.
 11266 | Gauntlet | Entered a Gauntlet
 11266 | Gauntlet | Found a transporter.
 11279 | Gauntlet | Found a transporter.
 11294 | Gauntlet | Found a transporter.
 11300 | Gauntlet | Found a transporter.
 11315 | Gauntlet | Found a transporter.
 11334 | Gauntlet | Found a transporter.
 11346 | Gauntlet | Found a transporter.
 11346 | Gauntlet | Noticed an entropy weaver
 11358 | Gauntlet | Found a transporter.
 11370 | Gauntlet | Found a transporter.
 11382 | Gauntlet | Found a transporter.
 11399 | Gauntlet | Found a transporter.
 11416 | Gauntlet | Found a transporter.
 11418 | Gauntlet | Found a transporter.
 11446 | Gauntlet | Found a transporter.
 11446 | Gauntlet | Found a transporter.
 11448 | Gauntlet | Found a transporter.
 11470 | Gauntlet | Found a transporter.
 11472 | Gauntlet | Found a transporter.
 11702 | Gauntlet | Got a brightly glowing lead ring
 11793 | Gauntlet | Reached ***** piety under Vehumet
 11803 | Gauntlet | Offered knowledge of Fulminant Prism by Vehumet.
 11804 | Gauntlet | Reached skill level 1 in Translocations
 11833 | Gauntlet | Identified the ring of Russe Leir {rElec Int+2 Dex+4} (You
                  | found it in a Gauntlet)
 11960 | Gauntlet | Noticed a minotaur
 11961 | Gauntlet | Found the +9 staff of Olgreb {rPois}
 11963 | Gauntlet | Killed a minotaur
 11964 | Gauntlet | Reached skill level 15 in Spellcasting
 12096 | Lair:1   | Got a vibrating glass ring
 12097 | Lair:1   | Identified the cursed ring "Roafagro" {Fire Int+3} (You
                  | found it on level 1 of the Lair of Beasts)
 13288 | Lair:2   | Found a staircase to the Snake Pit.
 13369 | Lair:2   | Reached skill level 5 in Evocations
 13865 | Lair:2   | Reached skill level 5 in Shields
 13865 | Lair:2   | Reached skill level 1 in Necromancy
 13865 | Lair:2   | Reached XP level 14. HP: 81/81 MP: 35/35
 14307 | Lair:3   | Found a staircase to the Swamp.
 14587 | Lair:3   | Learned a level 3 spell: Dazzling Orbs
 14601 | Lair:3   | Noticed Sonja
 14610 | Lair:3   | Killed Sonja
 15535 | Lair:4   | Gained mutation: You do not regenerate when monsters are
                  | visible. [potion of mutation]
 15535 | Lair:4   | Gained mutation: Your spells are a little easier to cast,
                  | but a little less powerful. [potion of mutation]
 15535 | Lair:4   | Gained mutation: Your mind is acute. (Int +2) [potion of
                  | mutation]
 15535 | Lair:4   | Gained mutation: Your mind is very acute. (Int +4) [potion
                  | of mutation]
 15870 | Lair:4   | Reached XP level 15. HP: 85/85 MP: 36/36
 16757 | Lair:5   | Noticed Josephine
 16760 | Lair:5   | Killed Josephine
 17235 | Lair:6   | Entered Level 6 of the Lair of Beasts
 17254 | Lair:5   | Reached skill level 15 in Fire Magic
 17300 | Lair:5   | Offered knowledge of Iskenderun's Battlesphere by Vehumet.
 17438 | Lair:6   | Noticed Snorg
 17443 | Lair:6   | Killed Snorg
 17580 | Lair:5   | Learned a level 5 spell: Iskenderun's Battlesphere
 17736 | Lair:6   | Found a viscous altar of Jiyva.
 17736 | Lair:6   | Found a staircase to the Slime Pits.
 17736 | Lair:6   | Found a viscous altar of Jiyva.
 17808 | Lair:6   | Found a transporter.
 17841 | Lair:6   | Found a transporter.
 17847 | Lair:6   | Noticed Tiareth's ghost (journeyman DgWz)
 17948 | Lair:6   | Reached skill level 15 in Conjurations
 18086 | Lair:5   | Learned a level 4 spell: Throw Icicle
 18689 | Lair:6   | Offered knowledge of Bolt of Cold by Vehumet.
 18740 | Lair:6   | Reached ****** piety under Vehumet
 19007 | Lair:6   | Lost mutation: Your mind is very acute. (Int +4) [potion of
                  | mutation]
 19007 | Lair:6   | Lost mutation: Your spells are a little easier to cast, but
                  | a little less powerful. [potion of mutation]
 19007 | Lair:6   | Gained mutation: Your mind is very acute. (Int +4) [potion
                  | of mutation]
 19107 | Lair:6   | Reached skill level 1 in Ice Magic
 19109 | Lair:6   | Killed Tiareth's ghost
 19283 | Swamp:1  | Entered Level 1 of the Swamp
 19295 | Swamp:1  | Reached XP level 16. HP: 90/90 MP: 36/38
 19310 | Swamp:1  | Noticed a thorn hunter
 19315 | Swamp:1  | Killed a thorn hunter
 19512 | Swamp:1  | Reached skill level 10 in Evocations
 19526 | Swamp:1  | Noticed a thorn hunter
 19529 | Swamp:1  | Killed a thorn hunter
 20509 | Swamp:2  | Noticed a thorn hunter
 20516 | Swamp:2  | Killed a thorn hunter
 20519 | Swamp:2  | Offered knowledge of Bolt of Magma by Vehumet.
 21462 | Swamp:3  | Entered Level 3 of the Swamp
 21647 | Swamp:3  | Noticed a thorn hunter
 21651 | Swamp:3  | Killed a thorn hunter
 21693 | Swamp:3  | Reached XP level 17. HP: 87/96 MP: 12/41
 22108 | Swamp:3  | Got a decaying rune of Zot
 22181 | Swamp:3  | Identified the cursed +2 whip "Killer Klown's Bane" {venom,
                  | rPois rF+ Int+4}
 22632 | Snake:1  | Entered Level 1 of the Snake Pit
 23895 | Snake:1  | Offered knowledge of Orb of Destruction by Vehumet.
 23912 | Snake:1  | Learned a level 7 spell: Orb of Destruction
 24852 | Snake:3  | Entered Level 3 of the Snake Pit
 25101 | Snake:3  | Reached XP level 18. HP: 102/102 MP: 43/43
 25410 | Snake:3  | Offered knowledge of Mana Rupture by Vehumet.
 25421 | Snake:2  | Learned a level 7 spell: Mana Rupture
 25881 | Snake:3  | Reached skill level 1 in Hexes
 26442 | Snake:3  | Offered knowledge of Iron Shot by Vehumet.
 26528 | Snake:3  | Reached XP level 19. HP: 107/107 MP: 41/45
 26618 | Snake:3  | Got a serpentine rune of Zot
 27134 | Elf:1    | Noticed Nikola
 27139 | Elf:1    | Killed Nikola
 27364 | Elf:1    | Killed Aizul
 27477 | Elf:1    | Noticed Louise
 27482 | Elf:1    | Killed Louise
 27649 | Elf:1    | Found Gejiryho's General Store.
 27799 | Elf:1    | Offered knowledge of Lehudib's Crystal Spear by Vehumet.
 27799 | Elf:1    | Offered knowledge of Fire Storm by Vehumet.
 27799 | Elf:1    | Offered knowledge of Ignition by Vehumet.
 27805 | Elf:1    | Found a runed translucent gate.
 27805 | Elf:1    | Found a runed translucent gate.
 27805 | Elf:1    | Found a runed translucent gate.
 27805 | Elf:1    | Found a runed translucent gate.
 27805 | Elf:1    | Found a runed translucent gate.
 27808 | Elf:1    | Found a runed translucent gate.
 27860 | Elf:1    | Identified the +5 scale mail of the Shore {rPois Str+6}
 28140 | Elf:1    | Learned a level 8 spell: Ignition
 28151 | Elf:1    | Learned a level 9 spell: Fire Storm
 28408 | Elf:2    | Found a runed gate.
 28408 | Elf:2    | Found a runed gate.
 28408 | Elf:2    | Found a runed gate.
 28573 | Elf:2    | Found Ogesee's Antique Armour Shop.
 29456 | Elf:2    | Reached XP level 20. HP: 111/112 MP: 28/47
 29775 | Elf:3    | Entered Level 3 of the Elven Halls
 29775 | Elf:3    | Found Niajesal's Weapon Boutique.
 30418 | Elf:3    | Reached skill level 15 in Evocations
 30534 | Elf:3    | Identified the +5 short sword of the Warrior-Mage {flame,
                  | Str+4}
 30534 | Elf:3    | Identified the cursed +1 leather armour "Tiymmowaf" {Int+3
                  | SInv}
 30582 | Elf:3    | Identified the +9 short sword "Spiderslayer" {venom, MR+
                  | Dex+2}
 30596 | Elf:3    | Identified the ring of the Pharaoh's Fist {rN+ Str+2
                  | Stlth++} (You took it off a deep elf mage on level 3 of the
                  | Elven Halls)
 30618 | Elf:3    | Identified the +2 flail "Demonbane" {crush, +Rage +Inv
                  | Str-4 Int+4}
 30625 | Elf:3    | Identified the +3 leather armour of the Lumpy Stories
                  | {*Drain MR+ Str+5} (You took it off a deep elf mage on
                  | level 3 of the Elven Halls)
 30685 | Elf:3    | Identified the Grimoire of Hurtful Translocation
 30697 | Elf:3    | Identified the +1 pair of boots of the Echidna {rN+ Regen+
                  | Str+3}
 30710 | Elf:3    | Identified the Reference Book on Transmutation
 30732 | Elf:3    | Identified the Incunabulum of the Mind
 30743 | Elf:3    | Identified the Grimoire of Entrancing Unholy Rituals
 30770 | Elf:3    | Identified Imonimuh's Almanac of Unstable Fire
 31202 | D:10     | Entered Level 10 of the Dungeon
 31975 | D:11     | Found a flagged portal.
 31985 | Bailey   | Entered a bailey
 32587 | D:11     | Identified the +4 long sword of Wiwu {slice, rC+ Str+2}
 32788 | D:11     | Identified the +2 robe "Caingex" {rN+++ MP-9 Str-4 Int+4}
 33163 | D:12     | Entered Level 12 of the Dungeon
 33177 | D:12     | Found a staircase to the Depths.
 33203 | D:12     | Reached XP level 21. HP: 98/117 MP: 39/49
 33297 | D:12     | Noticed Jorgrun
 33299 | D:12     | Killed Jorgrun
 33368 | D:12     | Noticed Kirke
 33370 | D:12     | Killed Kirke
 33717 | D:12     | Found Oxuoju's Jewellery Emporium.
 33988 | D:12     | Found a gate to the Vaults.
 34070 | D:12     | Found a radiant altar of Vehumet.
 34146 | Vaults:1 | Entered Level 1 of the Vaults
 34149 | Vaults:1 | Found Epeo's Assorted Antiques.
 34158 | Vaults:1 | Bought a hardcover book for 390 gold pieces
 34986 | Vaults:1 | Found a staircase to the Crypt.
 35878 | Vaults:2 | Reached XP level 22. HP: 122/122 MP: 51/51
 36269 | Vaults:2 | Found Myedath's Weapon Shop.
 36492 | Vaults:2 | Identified the +10 plate armour of the Beggars {rN+ MR+}
 36522 | Vaults:2 | Reached skill level 1 in Maces & Flails
 37149 | Vaults:3 | Entered Level 3 of the Vaults
 37169 | Vaults:3 | Noticed a juggernaut
 37179 | Vaults:3 | Killed a juggernaut
 37218 | Vaults:3 | Reached XP level 23. HP: 113/126 MP: 47/53
 37262 | Vaults:3 | Found the +3 Elemental Staff {rElec rF++ rC++ MR++ AC+5}
 37269 | Vaults:3 | Noticed a golden dragon
 37355 | Vaults:3 | Killed a golden dragon
 37372 | Vaults:3 | Identified the amulet of Mupad {RegenMP Slay+5}
 37694 | Vaults:3 | Identified the amulet "Cidadien" {Reflect Int+4 SH+4 SInv}
 37754 | Vaults:3 | Identified the amulet "Gusuclyf" {RegenMP Int-2 Dex+6}
 37756 | Vaults:3 | Identified the Tome of Poisonous Transformation
 38062 | Vaults:3 | Found the +1 pair of gauntlets of War {Slay+6}
 38064 | Vaults:3 | Got a silver rune of Zot
 38081 | Vaults:3 | Identified the +5 mace of a Million Lies {flame, rN+ Int+4}
 38103 | Vaults:3 | Identified the +2 ring mail of the Pit {rElec MR+}
 38123 | Vaults:3 | Identified Atoejise's Grimoire of Dislocation
 38169 | Vaults:3 | Identified the ring of Wehip {MP+9 Int+4}
 38190 | Vaults:3 | Identified the cursed +1 long sword of Impeachment {flame,
                  | +Blink rN+ Int+3 Dex+4}
 38295 | Vaults:3 | Identified the +2 leather armour of the Gloaming {Int-5
                  | Dex+6}
 38438 | Vaults:3 | Noticed a juggernaut
 38440 | Vaults:3 | Killed a juggernaut
 38815 | Depths:1 | Entered Level 1 of the Depths
 38829 | Depths:1 | Reached XP level 24. HP: 87/133 MP: 49/54
 38948 | Depths:1 | Noticed Mara
 38954 | Depths:1 | Killed Mara
 39316 | Depths:3 | Found a gateway to a ziggurat.
 39396 | Depths:3 | Identified the cursed +1 robe of Tyawoonn {Regen+}
 39533 | Depths:3 | Found a gateway to Hell.
 39663 | Depths:5 | Entered Level 5 of the Depths
 39668 | Depths:5 | Reached skill level 10 in Shields
 39741 | Depths:5 | Noticed a juggernaut
 39746 | Depths:5 | Killed a juggernaut
 39903 | Depths:5 | Found a one-way gate leading to the halls of Pandemonium.
 40054 | Depths:5 | Found a one-way gate to the infinite horrors of the Abyss.
 40171 | Depths:5 | Noticed a caustic shrike
 40173 | Depths:5 | Killed a caustic shrike
 40174 | Depths:5 | Reached XP level 25. HP: 137/137 MP: 50/55
 40244 | Depths:5 | Found a transporter.
 40245 | Depths:5 | Noticed a golden dragon
 40248 | Depths:5 | Noticed a golden dragon
 40249 | Depths:5 | Noticed MeekVeins's ghost (veteran AvRe)
 40259 | Depths:5 | Killed a golden dragon
 40260 | Depths:5 | Killed a golden dragon
 40261 | Depths:5 | Killed MeekVeins's ghost
 40301 | Depths:5 | Found a transporter.
 40333 | Depths:5 | Reached skill level 27 in Spellcasting
 40344 | Depths:5 | Found a gate to the Realm of Zot.
 40861 | Zot:1    | Entered Level 1 of the Realm of Zot
 41057 | Depths:5 | Learned a level 8 spell: Lehudib's Crystal Spear
 41082 | Depths:5 | Reached skill level 1 in Earth Magic
 41229 | Zot:4    | Noticed a Killer Klown
 41232 | Zot:4    | Killed a Killer Klown
 41268 | Zot:4    | Noticed a Killer Klown
 41269 | Zot:4    | Killed a Killer Klown
 41273 | Zot:4    | Noticed a golden dragon
 41275 | Zot:5    | Entered Level 5 of the Realm of Zot
 41343 | Zot:5    | Noticed Alunk's ghost (legendary GnFi)
 41343 | Zot:5    | Found a runed translucent door.
 41379 | Zot:5    | Reached skill level 5 in Earth Magic
 41420 | Zot:5    | Reached XP level 26. HP: 139/144 MP: 56/56
 41455 | Zot:5    | Noticed an ancient lich
 41456 | Zot:5    | Noticed an ancient lich
 41457 | Zot:5    | Killed an ancient lich
 41457 | Zot:5    | Noticed a Killer Klown
 41458 | Zot:5    | Killed an ancient lich
 41459 | Zot:5    | Killed a Killer Klown
 41462 | Zot:5    | Noticed a golden dragon
 41465 | Zot:5    | Killed a golden dragon
 41472 | Zot:5    | Noticed an orb of fire
 41481 | Zot:5    | Killed an orb of fire
 41482 | Zot:5    | Reached skill level 5 in Charms
 41485 | Zot:5    | Noticed a Killer Klown
 41489 | Zot:5    | Noticed an orb of fire
 41491 | Zot:5    | Killed a Killer Klown
 41494 | Zot:5    | Killed an orb of fire
 41500 | Zot:5    | Noticed an orb of fire
 41501 | Zot:5    | Gained mutation: Your body sometimes deteriorates upon
                  | taking damage. [an orb of fire]
 41504 | Zot:5    | Gained mutation: You are occasionally teleported next to
                  | monsters. [an orb of fire]
 41507 | Zot:5    | Killed from afar by an orb of fire
 41508 | Zot:5    | Reached XP level 25. HP: -1/139 MP: 27/66
 41508 | Zot:5    | Noticed a Killer Klown
 41510 | Zot:5    | Killed a Killer Klown
 41519 | Zot:5    | Noticed a Killer Klown
 41521 | Zot:5    | Killed a Killer Klown
 41525 | Zot:5    | Got the Orb of Zot
 41571 | Zot:5    | Killed an orb of fire
 41603 | Zot:4    | Reached XP level 26. HP: 123/144 MP: 20/56
 41605 | Zot:4    | Reached skill level 10 in Earth Magic
 41757 | Depths:4 | Found a shattered altar of Ashenzari.
 41789 | Depths:4 | Reached skill level 27 in Conjurations
 41811 | Depths:4 | Reached skill level 10 in Dodging
 41825 | Depths:4 | Lost mutation: Your mind is very acute. (Int +4) [potion of
                  | mutation]
 41825 | Depths:4 | Lost mutation: You do not regenerate when monsters are
                  | visible. [potion of mutation]
 41825 | Depths:4 | Lost mutation: Your mind is acute. (Int +2) [potion of
                  | mutation]
 41825 | Depths:4 | Lost mutation: Your body sometimes deteriorates upon taking
                  | damage. [potion of mutation]
 41825 | Depths:4 | Gained mutation: You have very sharp teeth. [potion of
                  | mutation]
 41825 | Depths:4 | Gained mutation: Your flesh is cold resistant. (rC+)
                  | [potion of mutation]
 41825 | Depths:4 | Gained mutation: You are dopey. (Int -2) [potion of
                  | mutation]
 41825 | Depths:4 | Gained mutation: You are partially covered in thin metallic
                  | scales. (AC +2) [potion of mutation]
 41826 | Depths:4 | Lost mutation: You are dopey. (Int -2) [potion of mutation]
 41826 | Depths:4 | Lost mutation: Your flesh is cold resistant. (rC+) [potion
                  | of mutation]
 41826 | Depths:4 | Lost mutation: You are occasionally teleported next to
                  | monsters. [potion of mutation]
 41826 | Depths:4 | Gained mutation: Your body sometimes deteriorates upon
                  | taking damage. [potion of mutation]
 41826 | Depths:4 | Gained mutation: Your muscles are strong. (Str +2) [potion
                  | of mutation]
 41829 | Depths:4 | Noticed Rig Hiq the pandemonium lord
 41910 | Depths:1 | Identified the +0 faerie dragon scales {MR+ rCorr Int+3
                  | Clar}
 41910 | Depths:1 | Noticed the Enchantress
 41926 | Depths:1 | Killed the Enchantress
 41930 | Depths:1 | HP: 1/144 [spriggan air mage/the air[the Enchantress] (30)]
 42174 | D:5      | Killed Muasm the pandemonium lord
 42309 | D:$      | Escaped with the Orb!

Skill      XL: |  1  2  3  4  5  6  7  8  9 10 11 12 13 14 15 16 17 18 19 20 21 22 23 24 25 26 |
---------------+-------------------------------------------------------------------------------+-----
Fire Magic     | 4 5 6 8 9 10 12 13 14 15 16 17 18 19 20 22 23 24 | 24.3
Spellcasting   | 3 4 5 6 7 10 11 13 14 15 16 18 19 20 21 22 23 24 25 26 27 | 27.0
Dodging        | 3 4 5 6 7 8 9 11 | 11.6
Conjurations   | 3 4 5 7 9 11 12 13 14 15 16 17 18 19 20 21 22 23 24 27 | 27.0
Slings         | 2 3 |  3.7
Fighting       | 1 2 3 |  3.2
Charms         | 1 2 3 4 6 |  6.3
Shields        | 2 3 5 6 7 8 9 10 11 12 | 12.8
Evocations     | 2 6 7 9 11 12 13 14 15 | 15.3
Translocations | 2 3 4 |  4.0
Necromancy     | 1 2 3 4 |  4.9
Ice Magic      | 1 2 |  2.5
Hexes          | 1 |  1.1
Maces & Flails | 1 2 |  2.0
Earth Magic    | 5 12 | 12.9
Stealth        | |  1.8

Action                   |  1- 3 |  4- 6 |  7- 9 | 10-12 | 13-15 | 16-18 | 19-21 | 22-24 | 25-27 || total
-------------------------+-------+-------+-------+-------+-------+-------+-------+-------+-------++-------
Melee: Whip              |       |       |       |       |       |    11 |     4 |    31 |     9 ||    55
 Fire: Hunting sling     |       |    10 |    37 |       |       |       |       |       |       ||    47
Throw: Stone             |    30 |       |       |       |       |       |       |       |       ||    30
       Tomahawk          |       |       |       |       |     5 |     3 |     1 |       |       ||     9
 Cast: Flame Tongue      |    76 |    31 |   232 |   127 |    96 |    42 |    11 |       |    10 ||   625
       Flaming Arrows    |     7 |       |     6 |       |       |       |       |       |       ||    13
       Sticky Flame      |       |     5 |    12 |    34 |     7 |     7 |     3 |     1 |       ||    69
       Fireball          |       |       |    44 |   192 |   262 |   414 |   119 |     5 |     1 ||  1037
       Blink             |       |       |       |       |    31 |    25 |    11 |    13 |    19 ||    99
       Dazzling Orbs     |       |       |       |       |     4 |       |       |       |       ||     4
       Iskenderun's Batt |       |       |       |       |    22 |    32 |       |       |       ||    54
       Throw Icicle      |       |       |       |       |    21 |    21 |       |     2 |       ||    44
       Orb of Destructio |       |       |       |       |       |    44 |    63 |    39 |     2 ||   148
       Mana Rupture      |       |       |       |       |       |     3 |       |       |       ||     3
       Regeneration      |       |       |       |       |       |     2 |     8 |     9 |    14 ||    33
       Fire Storm        |       |       |       |       |       |       |   118 |   166 |   100 ||   384
       Ignition          |       |       |       |       |       |       |    43 |    35 |    22 ||   100
       Lehudib's Crystal |       |       |       |       |       |       |       |       |    47 ||    47
 Abil: Evoke Invisibilit |       |       |       |       |     3 |       |     2 |       |     1 ||     6
Evoke: Wand              |       |     1 |     4 |       |     3 |       |     1 |       |    25 ||    34
       Fan of gales      |       |       |       |       |       |       |     1 |       |       ||     1
       Phial of floods   |       |       |       |       |       |       |       |       |     5 ||     5
       Sack of spiders   |       |       |       |       |       |       |       |       |     2 ||     2
       Lightning rod     |       |       |       |       |       |       |       |       |     6 ||     6
       Phantom mirror    |       |       |       |       |       |       |       |       |     1 ||     1
  Use: Scroll            |     1 |     5 |     4 |     9 |    17 |     4 |     3 |     1 |    13 ||    57
       Potion            |       |       |       |     1 |    14 |     1 |     1 |       |    16 ||    33
  Eat: Chunk             |     2 |     2 |    12 |    24 |    24 |    18 |    37 |    16 |     4 ||   139
       Ration            |       |       |     1 |       |     3 |     4 |     1 |     1 |     1 ||    11
Armor: Skin              |    11 |     4 |    25 |    17 |    15 |    11 |    12 |    10 |    12 ||   117
Dodge: Dodged            |    58 |    12 |    71 |    45 |    56 |    50 |    51 |    22 |    58 ||   423
Block: Other             |     9 |     2 |    63 |    24 |       |       |       |       |       ||    98
       Reflection        |       |       |    12 |    50 |     7 |    50 |    84 |    26 |     4 ||   233
       Buckler           |       |       |       |    76 |   120 |   118 |   165 |   111 |   117 ||   707
